 Dungeon Crawl Stone Soup version 0.23.0-38-g208d714 (webtiles) character file.

Game seed: 0

245623 Fang the Warrior (level 19, -9/144 HPs)
             Began as a Gargoyle Berserker on Feb 26, 2019.
             Was the Champion of Trog.
             Killed from afar by a wretched star (28 damage)
             ... with an orb of energy
             ... on level 2 of the Abyss on Feb 27, 2019.
             The game lasted 00:53:49 (35742 turns).

Fang the Warrior (Gargoyle Berserker)              Turns: 35742, Time: 00:53:49

Health: -9/144     AC: 36    Str: 28    XL:     19   Next: 93%
Magic:  19/19      EV: 23    Int:  9    God:    Trog [******]
Gold:   2815       SH:  0    Dex: 11    Spells: 18/18 levels left

rFire    . . .     SeeInvis +   x - +10 war axe of Woe {vamp, rPois Int+2 Dex+2}
rCold    + . .     Gourm    +   (no shield)
rNeg     + . .     Faith    .   S - +3 plate armour {rC+}
rPois    ∞         Spirit   .   (no helmet)
rElec    +         Reflect  .   a - +2 cloak {+Inv}
rCorr    .         Harm     .   m - +0 pair of gloves {archery}
MR       +....     Rnd*Rage +   (no boots)
Stlth    ..........             h - amulet of the gourmand
HPRegen  0.00/turn              A - ring of see invisible
MPRegen  0.16/turn              w - ring of Phasing {EV+8}

@: flying, studying Shields
A: big wings, berserk 1, deformed body, dopey 1, negative energy resistance 1,
robust 1, screaming 1, electricity resistance, [inhibited regeneration],
unbreathing, petrification resistance, rot immunity, AC +14
}: 1/15 runes: decaying
a: Stop Flying, Berserk, Trog's Hand, Brothers in Arms, Renounce Religion, Evoke
Invisibility


You were on level 2 of the Abyss.
You worshipped Trog.
Trog was exalted by your worship.
You were completely stuffed.

You visited 6 branches of the dungeon, and saw 31 of its levels.
You visited the Abyss 2 times.
You also visited: Sewer, Ossuary and Bailey.

You collected 3621 gold pieces.
You spent 806 gold pieces at shops.

Inventory:

Hand Weapons
 f - a +4 executioner's axe of freezing
 j - a +3 broad axe of electrocution
 p - a +1 war axe of venom
 x - the +10 war axe of Woe (weapon) {vamp, rPois Int+2 Dex+2}
   (You found it on level 2 of the Lair of Beasts)

   It inflicts no extra harm, but heals its wielder when it wounds a living foe.
   It affects your intelligence (+2).
   It affects your dexterity (+2).
   It protects you from poison.
 B - a +2 war axe of draining
 C - a +2 executioner's axe of chopping
 E - a +2 battleaxe of flaming
 O - the +4 battleaxe "Netov" {vamp, *Rage rPois Int+2 SInv}
   (Trog gifted it to you on level 13 of the Dungeon)

   It inflicts no extra harm, but heals its wielder when it wounds a living foe.
   It affects your intelligence (+2).
   It protects you from poison.
   It lets you see invisible.
   It may make you go berserk in combat.
 T - a +5 antimagic executioner's axe
 U - a +6 battleaxe of flaming
 Y - a +0 battleaxe of freezing
Armour
 a - a +2 cloak of invisibility (worn)
 m - a +0 pair of gloves of archery (worn)
 S - a +3 plate armour of cold resistance (worn)
Jewellery
 g - a +2 ring of dexterity
 h - an amulet of the gourmand (around neck)
 w - the ring of Phasing (right hand) {EV+8}
   (You found it on level 15 of the Dungeon)

   [ring of evasion]

   It affects your evasion (+8).
 A - a ring of see invisible (left hand)
 G - an uncursed ring of protection from fire
 I - a +5 ring of protection
 P - a +3 ring of strength
 R - an uncursed amulet of regeneration
Wands
 e - a wand of iceblast (33)
 s - a wand of acid (24)
 t - a wand of disintegration (43)
 y - a wand of enslavement (23)
 D - a wand of flame (78)
 L - a wand of random effects (56)
 W - a wand of paralysis (14)
Scrolls
 b - a scroll of holy word
 d - 12 scrolls of remove curse
 i - 19 scrolls of teleportation
 n - 7 scrolls of fear
 r - a scroll of blinking
 K - 3 scrolls of fog
 M - 9 scrolls of identify
 V - 3 scrolls of magic mapping
Potions
 k - 4 potions of magic
 l - 6 potions of heal wounds
 o - 3 potions of brilliance
 q - 5 potions of haste
 u - 7 potions of curing
 v - 5 potions of agility
 z - 5 potions of berserk rage
 F - 5 potions of might
 H - a potion of cancellation
 J - 2 potions of ambrosia
 N - 2 potions of resistance
 X - a potion of mutation
Books
 Q - a manual of Shields
Comestibles
 c - 51 rations


   Skills:
 + Level 18.4 Fighting
 + Level 15.9 Axes
 + Level 18.0 Armour
 + Level 14.4 Dodging


You had 18 spell levels left.
You didn't know any spells.
Your spell library was empty.

Dungeon Overview and Level Annotations

Branches:
Dungeon (15/15)            Temple (1/1) D:7            Lair (6/6) D:11
  Swamp (4/4) Lair:2       Spider (0/4) Lair:2        Slime (0/5) Lair:5
    Orc (2/2) D:9             Elf (3/3) Orc:2        Vaults (0/5) D:13
 Depths (0/5) D:15

Altars:
Dithmenos
Elyvilon
Fedhas
Kikubaaqudgha
Makhleb
Okawaru
Qazlal
Uskayaw
Xom
The Shining One
Beogh
Jiyva

Shops:
Orc:2 :!?   Elf:2 ?

Portals:
Trove: Elf:2 (give 9 potions of agility)

Annotations:
D:3 2 transporters, demenzo's ghost, amateur OpAs


Innate Abilities, Weirdness & Mutations

You are resistant to torment.
Your stone body is resilient. (AC +14)
You are immune to poison.
Your large and strong wings let you fly indefinitely.
You resist negative energy. (rN+)
You are resistant to electric shocks. (rElec)
You can survive without breathing.
You are immune to petrification.
You are immune to rotting.
You tend to lose your temper in combat.
Armour fits poorly on your strangely shaped body.
You are dopey. (Int -2)
You are robust. (+10% HP)
You occasionally shout uncontrollably at your foes.
[You do not regenerate when monsters are visible.]


Message History

The ancient zyme hits you but does no damage.
You slice the ancient zyme!!
You destroy the ancient zyme!
Trog accepts your kill.
All of the chunks of flesh in your inventory have rotted away.
The wretched star glows turbulently.
The orb of energy hits you but does no damage.
The wretched star glows turbulently.
The orb of energy misses you.
The wretched star glows turbulently.
The orb of energy hits you!
* * * LOW HITPOINT WARNING * * *
The orb of energy explodes!
You slash the wretched star!
The wretched star is lightly damaged.
You slash the wretched star!
The wretched star is moderately damaged.
The wretched star glows turbulently.
The orb of energy hits you!!
You die...

.# ...#.. ...
....... ...
....... .. . .
.......###. .## ..
....#..... ....#
.....#...###...##
.:.....*..#.....#.
.......@..........
..................
..................
..........#...._#.
....##...###...##
....#.....# ._..#
..................
.. ...............
........... ....≈


You could see a wretched star.

Vanquished Creatures
  the Lernaean hydra (Swamp:4)
  Jorgrun (D:14)
  Asterion (Elf:2)
  A lich (Abyss:2)
  2 deep elf master archers (Elf:3)
  A thorn hunter (Swamp:4)
  A storm dragon (D:14)
  A fire giant (D:15)
  A tengu reaver (D:15)
  A frost giant (D:15)
  A cacodemon (Abyss:3)
  3 deep elf sorcerers
  An iron dragon (D:15)
  An orc warlord (Orc:2)
  A deep elf elementalist (Elf:3)
  A balrug (Abyss:2)
  A ghoul (Swamp:1)
  A stone giant (Orc:2)
  A deep elf demonologist (Elf:3)
  A red draconian (Abyss:3)
  2 deep elf death magi (Elf:3)
  Josephine (D:10)
  3 ettins
  2 deep elf high priests
  3 fire dragons
  A yaktaur captain (D:15)
  22 hydras
  Harold (D:10)
  A vault guard (D:13)
  A catoblepas (D:15)
  A ghost crab (Swamp:3)
  4 two-headed ogres
  2 shambling mangroves (Swamp:2)
  17 dancing weapons
  A death knight (D:12)
  7 centaur warriors
  7 alligators
  A deep troll earth mage (D:15)
  A queen ant (D:11)
  5 orc high priests
  Urug (Lair:3)
  A shock serpent (shapeshifter) (Abyss:3)
  9 spriggans
  19 deep elf knights
  Sonja (Orc:2)
  A sun demon (Abyss:2)
  A wretched star (Abyss:2)
  A swamp dragon (shapeshifter) (D:13)
  A wizard (D:15)
  A deep troll (D:15)
  9 swamp dragons (Swamp:4)
  2 fire crabs (shapeshifter)
  A spriggan druid (Swamp:3)
  A flayed ghost (D:14)
  8 unseen horrors
  A lindwurm (Lair:3)
  2 starcursed masses (Abyss:3)
  10 deep elf archers
  A phantasmal warrior (D:12)
  9 orc knights
  2 wolf spider zombies (D:15)
  4 necromancers (D:13)
  32 deep elf magi
  3 ugly things
  6 oklob plants
  25 slime creatures
  A wolf spider (Lair:6)
  2 large abominations (Abyss:2)
  5 orc sorcerers
  5 manticores
  5 cyclopes
  A worldbinder (Abyss:2)
  2 guardian serpents
  A smoke demon (Abyss:2)
  6 black mambas
  Joseph (D:10)
  22 spiny frogs
  4 gargoyles
  8 komodo dragons
  3 rime drakes
  6 yaktaurs (D:15)
  2 freezing wraiths
  2 ancient zymes (Abyss:2)
  2 tengu conjurers (D:13)
  3 tyrant leeches
  A polar bear (Lair:4)
  A queen bee (Lair:3)
  14 hornets
  10 trolls
  A jumping spider (Lair:2)
  15 bog bodies
  A wind drake (shapeshifter) (D:15)
  A wolf spider simulacrum (D:13)
  A hippogriff (shapeshifter) (D:15)
  4 raiju (Abyss:2)
  7 blink frogs (Lair:6)
  3 air elementals
  12 hippogriffs
  5 redbacks
  Sigmund (D:3)
  8 shadows
  2 ynoxinuls
  3 water elementals
  6 wraiths
  A fire dragon skeleton (Abyss:3)
  20 humans (D:13)
  3 fire elementals
  27 yaks
  2 basilisks
  6 wyverns (Lair:6)
  3 small abominations
  Grum (D:8)
  A hog (shapeshifter) (D:15)
  33 vampire mosquitoes
  4 wargs
  5 hungry ghosts
  3 insubstantial wisps (Swamp:1)
  11 soldier ants (D:11)
  3 acid dragons
  18 swamp worms
  3 hell hounds (D:14)
  21 water moccasins
  Duvessa (D:4)
  10 swamp drakes
  5 porcupines
  5 ice beasts
  6 sky beasts
  2 black bears
  5 necrophages
  4 phantoms
  A black bear (shapeshifter) (D:14)
  3 eyes of draining
  57 orc warriors
  A boggart (D:15)
  11 ogres
  15 wolves
  10 crocodiles
  13 centaurs
  3 big kobolds
  14 bullfrogs
  2 wyvern zombies
  2 earth elementals
  Dowan (D:4)
  2 scorpions
  19 killer bees (Lair:3)
  11 wights
  2 electric eels (Lair:1)
  8 crimson imps
  8 centaur zombies
  2 bullfrog zombies
  10 hounds
  4 jellies
  6 centaur skeletons
  31 orc priests
  2 bullfrog skeletons
  Crazy Yiuf (D:3)
  18 orc wizards
  8 iguanas
  42 worker ants
  A hound skeleton (D:10)
  2 mummies (Ossuary)
  A worker ant zombie (D:7)
  A howler monkey skeleton (D:7)
  2 river rats
  11 adders
  7 gnolls
  4 shadow imps
  A white imp (Abyss:2)
  2 adder zombies
  7 worms
  An adder skeleton (D:4)
  5 dart slugs
  5 leopard geckos
  127 orcs
  2 bat skeletons (D:5)
  4 bat zombies (D:5)
  7 giant cockroaches
  10 goblins
  8 hobgoblins
  6 jackals
  10 quokkas
  8 bats
  7 frilled lizards
  2 goblin zombies (Ossuary)
  12 hobgoblin zombies (Ossuary)
  2 jackal zombies (Ossuary)
  19 kobolds
  10 kobold zombies (Ossuary)
  9 orc zombies (Ossuary)
  A quokka skeleton (D:4)
  10 rats
  A fungus (Lair:6)
  A lurking horror (Abyss:2)
  25 plants
  4 withered plants (Swamp:1)
1280 creatures vanquished.

Vanquished Creatures (collateral kills)
  Azrael (D:14)
  5 hydras (Lair:2)
  The ghost of Dedosul the Arsonist, a journeyman HOFE of Beogh (Lair:2)
  2 two-headed ogres (D:14)
  3 ugly things (D:14)
  A komodo dragon (Lair:2)
  A hippogriff (Lair:2)
  A vampire (D:10)
  A fire elemental (D:14)
  A swamp worm (Lair:2)
  A hell hound (D:14)
  An acid dragon (D:14)
  A sky beast (D:14)
  2 crocodiles (Lair:2)
  A fungus (Lair:2)
23 creatures vanquished.

Vanquished Creatures (others)
  A fire giant (D:15)
  A deep elf knight (Elf:2)
  An orc wizard (Orc:2)
  A briar patch (Swamp:4)
  21 fungi
  30 plants
  9 withered plants (Swamp:1)
64 creatures vanquished.

Grand Total: 1367 creatures vanquished

Notes
Turn   | Place    | Note
-------+----------+-------------------------------------------
     0 | D:1      | Fang the Gargoyle Berserker began the quest for the Orb.
     0 | D:1      | Reached XP level 1. HP: 14/14 MP: 1/1
   106 | D:1      | Reached XP level 2. HP: 19/19 MP: 2/2
   441 | D:1      | Reached XP level 3. HP: 23/23 MP: 3/3
   542 | D:1      | Reached ** piety under Trog
   940 | D:2      | Found a shadowy altar of Dithmenos.
   946 | D:2      | Reached XP level 4. HP: 20/29 MP: 4/4
  1634 | D:3      | Found a faded altar of an unknown god.
  1638 | D:3      | Noticed Sigmund
  1695 | D:3      | Killed Sigmund
  1695 | D:3      | Reached XP level 5. HP: 2/34 MP: 0/5
  1695 | D:3      | Reached XP level 6. HP: 3/39 MP: 0/6
  2549 | D:3      | Found a transporter.
  2551 | D:3      | Found a transporter.
  2551 | D:3      | Noticed demenzo's ghost (amateur OpAs)
  2551 | D:3      | Identified the cursed +3 great mace "Xosch" {venom, rElec}
  2817 | D:3      | Found a runed translucent door.
  2818 | D:3      | Noticed Crazy Yiuf
  2947 | D:3      | Killed Crazy Yiuf
  3116 | D:4      | Reached *** piety under Trog
  3132 | D:4      | Reached skill level 5 in Fighting
  3227 | D:4      | Reached XP level 7. HP: 33/44 MP: 7/7
  3494 | D:4      | Noticed Duvessa
  3495 | D:4      | Noticed Dowan
  3504 | D:4      | Killed Dowan
  3513 | D:4      | Killed Duvessa
  3650 | D:4      | Reached skill level 5 in Armour
  3996 | D:5      | Entered Level 5 of the Dungeon
  4093 | D:5      | Found a sand-covered staircase.
  4146 | Ossuary  | Entered an ossuary
  4178 | Ossuary  | Reached XP level 8. HP: 51/51 MP: 8/8
  4239 | Ossuary  | Reached **** piety under Trog
  4552 | D:5      | Found a white marble altar of Elyvilon.
  4552 | D:5      | Found an iron altar of Okawaru.
  4553 | D:5      | Found a hide-covered altar of Uskayaw.
  4576 | D:5      | Reached skill level 5 in Axes
  4773 | D:5      | Found an ancient bone altar of Kikubaaqudgha.
  5006 | D:6      | Found a stormy altar of Qazlal.
  5020 | D:6      | Reached ***** piety under Trog
  5117 | D:6      | Found a glowing drain.
  5208 | Sewer    | Entered a sewer
  5287 | Sewer    | Reached XP level 9. HP: 55/56 MP: 9/9
  5303 | Sewer    | Found a glowing silver altar of Zin.
  5652 | D:6      | Reached skill level 5 in Dodging
  5857 | D:6      | Received a gift from Trog
  6210 | D:7      | Noticed a troll
  6219 | D:7      | Killed a troll
  6700 | D:7      | Found a staircase to the Ecumenical Temple.
  6714 | Temple   | Entered the Ecumenical Temple
  6941 | D:8      | Identified a scroll of acquirement
  6971 | D:7      | Reached XP level 10. HP: 19/64 MP: 10/10
  7566 | D:8      | Noticed Grum
  7581 | D:8      | HP: 4/97 [Grum/+1 halberd (17)]
  7582 | D:8      | Killed Grum
  7886 | D:8      | Found a roughly hewn altar of Beogh.
  8150 | D:8      | Noticed a two-headed ogre
  8157 | D:8      | Killed a two-headed ogre
  8646 | D:9      | Reached XP level 11. HP: 71/71 MP: 11/11
  8671 | D:9      | Found a staircase to the Orcish Mines.
  8998 | D:9      | Found the +8 lance "Wyrmbane" {slay drac, rPois rF+ rC+
                  | AC+3}
  9462 | D:10     | Entered Level 10 of the Dungeon
  9491 | D:10     | Reached skill level 10 in Fighting
  9544 | D:10     | Noticed Harold
  9556 | D:10     | Killed Harold
  9578 | D:10     | Reached ****** piety under Trog
  9844 | D:10     | Reached skill level 10 in Armour
  9900 | D:10     | Received a gift from Trog
 10359 | D:10     | Noticed Joseph
 10367 | D:10     | Killed Joseph
 10502 | D:10     | Noticed Josephine
 10523 | D:10     | Killed Josephine
 11063 | D:11     | Noticed a queen ant
 11074 | D:11     | Killed a queen ant
 11074 | D:11     | Reached XP level 12. HP: 59/79 MP: 12/12
 11306 | D:11     | Found a staircase to the Lair.
 12061 | D:12     | Noticed a two-headed ogre
 12074 | D:12     | Killed a two-headed ogre
 12090 | D:11     | Paralysed by fainting for 12 turns
 12200 | Lair:1   | Entered Level 1 of the Lair of Beasts
 13315 | Lair:2   | Reached skill level 10 in Axes
 13322 | Lair:2   | Noticed a four-headed hydra
 13327 | Lair:2   | Killed a four-headed hydra
 13380 | Lair:2   | Found a hole to the Spider Nest.
 13617 | Lair:2   | Found a runed translucent gate.
 13620 | Lair:2   | Found a runed translucent gate.
 13621 | Lair:2   | Found a runed translucent gate.
 13623 | Lair:2   | Noticed Dedosul's ghost (journeyman HOFE)
 13624 | Lair:2   | Noticed a 13-headed hydra
 13624 | Lair:2   | Noticed a ten-headed hydra
 14026 | Lair:2   | Noticed a seven-headed hydra
 14028 | Lair:2   | Noticed an eight-headed hydra
 14035 | Lair:2   | HP: 4/81 [nine-headed hydra (8)]
 14036 | Lair:2   | Killed a nine-headed hydra
 14037 | Lair:2   | Killed an eight-headed hydra
 14039 | Lair:2   | Reached XP level 13. HP: 27/86 MP: 13/13
 14494 | Lair:2   | Found a staircase to the Swamp.
 14618 | Lair:2   | Killed Dedosul's ghost
 14630 | Lair:2   | Got a steaming war axe
 14631 | Lair:2   | Identified the +10 war axe of Woe {vamp, rPois Int+2 Dex+2}
                  | (You found it on level 2 of the Lair of Beasts)
 14682 | Lair:3   | Noticed Urug
 14700 | Lair:3   | Killed Urug
 14930 | Lair:3   | Received a gift from Trog
 16182 | Lair:4   | Reached skill level 10 in Dodging
 17677 | Lair:5   | Found a staircase to the Slime Pits.
 17677 | Lair:5   | Found a viscous altar of Jiyva.
 17965 | Lair:6   | Entered Level 6 of the Lair of Beasts
 18203 | Lair:6   | Received a gift from Trog
 18207 | Lair:6   | Gained mutation: Your large and strong wings let you fly
                  | indefinitely. [Gargoyle growth]
 18207 | Lair:6   | Reached XP level 14. HP: 94/94 MP: 14/14
 18723 | Lair:6   | Upgraded the game from 0.23.0-33-g5e6c059 to
                  | 0.23.0-38-g208d714
 19537 | Lair:6   | Gained mutation: You are somewhat resistant to further
                  | mutation. [potion of mutation]
 19538 | Lair:6   | Lost mutation: You are somewhat resistant to further
                  | mutation. [potion of mutation]
 19538 | Lair:6   | Gained mutation: You occasionally shout uncontrollably at
                  | your foes. [potion of mutation]
 19538 | Lair:6   | Gained mutation: You are robust. (+10% HP) [potion of
                  | mutation]
 20602 | D:13     | Received a gift from Trog
 20611 | D:13     | Got a bloodstained battleaxe {god gift}
 20612 | D:13     | Identified the +4 battleaxe "Netov" {vamp, *Rage rPois
                  | Int+2 SInv} (Trog gifted it to you on level 13 of the
                  | Dungeon)
 20639 | D:13     | Found a gate to the Vaults.
 20775 | D:13     | Reached XP level 15. HP: 90/110 MP: 15/15
 21706 | D:14     | Noticed Azrael
 21856 | D:14     | Killed Azrael
 22259 | D:14     | Found a flagged portal.
 22265 | Bailey   | Entered a bailey
 23304 | D:14     | Received a gift from Trog
 23340 | D:14     | Noticed a storm dragon
 23361 | D:14     | Killed a storm dragon
 23731 | D:14     | Noticed Jorgrun
 23762 | D:14     | Killed Jorgrun
 24168 | D:15     | Entered Level 15 of the Dungeon
 24273 | D:15     | Reached skill level 15 in Fighting
 24374 | D:15     | Found a shadowy altar of Dithmenos.
 24374 | D:15     | Found a shimmering altar of Xom.
 24375 | D:15     | Found a blossoming altar of Fedhas.
 24718 | D:15     | Reached XP level 16. HP: 109/118 MP: 16/16
 24735 | D:15     | Reached skill level 15 in Armour
 24771 | D:15     | Found a staircase to the Depths.
 24916 | D:15     | Reached XP level 17. HP: 115/125 MP: 17/17
 24947 | D:15     | Found the ring of Phasing {EV+8}
 24999 | D:15     | Received a gift from Trog
 25828 | D:15     | Received a gift from Trog
 26123 | Orc:1    | Entered Level 1 of the Orcish Mines
 26229 | Orc:1    | Found a burning altar of Makhleb.
 26466 | Orc:2    | Entered Level 2 of the Orcish Mines
 26659 | Orc:2    | Received a gift from Trog
 26707 | Orc:2    | Found a roughly hewn altar of Beogh.
 26817 | Orc:2    | Found Suclud's Distillery.
 26827 | Orc:2    | Bought a potion of heal wounds for 80 gold pieces
 26833 | Orc:2    | Found Simuavec's Book Shoppe.
 27439 | Orc:2    | Found a staircase to the Elven Halls.
 27520 | Orc:2    | Received a gift from Trog
 27529 | Orc:2    | Noticed Sonja
 28326 | Orc:2    | Killed Sonja
 28376 | Orc:2    | Found a roughly hewn altar of Beogh.
 28441 | Orc:2    | Cast into level 3 of the Abyss (orc warlord)
 28554 | Abyss:3  | Gained mutation: Armour fits poorly on your strangely
                  | shaped body. [a cacodemon]
 28557 | Abyss:3  | Gained mutation: You are dopey. (Int -2) [a cacodemon]
 28610 | Abyss:3  | Noticed a bone dragon
 28618 | Orc:2    | Escaped the Abyss
 28630 | Orc:2    | Reached XP level 18. HP: 81/134 MP: 18/18
 28788 | Orc:2    | Found Bylu Puurgh's Magic Scroll Emporium.
 28796 | Orc:2    | Bought a scroll of enchant armour for 105 gold pieces
 28796 | Orc:2    | Bought a scroll of teleportation for 42 gold pieces
 28796 | Orc:2    | Bought a scroll of teleportation for 42 gold pieces
 28796 | Orc:2    | Bought a scroll of teleportation for 42 gold pieces
 28796 | Orc:2    | Bought a scroll of enchant armour for 105 gold pieces
 28833 | Orc:2    | Found Pedghefu's Gadget Shoppe.
 29172 | Swamp:1  | Entered Level 1 of the Swamp
 29185 | Swamp:1  | Received a gift from Trog
 30613 | Swamp:3  | Received a gift from Trog
 31483 | Swamp:4  | Entered Level 4 of the Swamp
 31731 | Swamp:3  | Reached skill level 15 in Axes
 32282 | Swamp:4  | Received a gift from Trog
 32710 | Swamp:4  | Noticed the 27-headed Lernaean hydra
 32724 | Swamp:4  | Killed the 18-headed Lernaean hydra
 32987 | Swamp:4  | Got a decaying rune of Zot
 33350 | Elf:1    | Entered Level 1 of the Elven Halls
 33440 | Elf:1    | Reached XP level 19. HP: 140/140 MP: 19/19
 33571 | Elf:1    | Received a gift from Trog
 33719 | Elf:1    | You are sucked into a shaft!
 33880 | Elf:2    | Found a runed translucent gate.
 33880 | Elf:2    | Found a runed translucent gate.
 33881 | Elf:2    | Found a runed translucent gate.
 34316 | Elf:2    | Received a gift from Trog
 34351 | Elf:2    | Found a portal to a secret trove of treasure.
 34453 | Elf:2    | Found an ancient bone altar of Kikubaaqudgha.
 34526 | Elf:2    | Found Taerat's Magic Scroll Boutique.
 34533 | Elf:2    | Bought a scroll of teleportation for 45 gold pieces
 34533 | Elf:2    | Bought a scroll of brand weapon for 300 gold pieces
 34533 | Elf:2    | Bought a scroll of teleportation for 45 gold pieces
 34883 | Elf:2    | Identified the cursed -3 shield "Furoivvi" {*Slow +Inv
                  | MR++}
 34883 | Elf:2    | Noticed Asterion
 34890 | Elf:2    | Gained mutation: You tend to lose your temper in combat. [a
                  | cacodemon]
 34912 | Elf:2    | Killed Asterion
 35027 | Elf:2    | Paralysed by an orc sorcerer for 2 turns
 35116 | Elf:3    | Entered Level 3 of the Elven Halls
 35310 | Elf:3    | Noticed a Hell Sentinel
 35318 | Elf:3    | Cast into level 2 of the Abyss (a deep elf sorcerer)
 35495 | Abyss:2  | Received a gift from Trog
 35648 | Abyss:2  | HP: 3/196 [balrug/divine providence (9)]
 35707 | Abyss:2  | Found a corrupted altar of Lugonu.
 35707 | Abyss:2  | Found a corrupted altar of Lugonu.
 35742 | Abyss:2  | Killed from afar by a wretched star

Skill      XL: |  1  2  3  4  5  6  7  8  9 10 11 12 13 14 15 16 17 18 19 |
---------------+----------------------------------------------------------+-----
Axes           | 3 4 5 6 8 9 10 11 12 13 14 15 | 15.9
Dodging        | 2 3 4 6 7 8 9 10 11 12 13 14 | 14.4
Armour         | 3 4 5 6 7 9 10 11 12 14 15 16 17 18 | 18.0
Fighting       | 4 5 6 8 9 10 12 13 14 15 16 17 18 | 18.4

Action                   |  1- 3 |  4- 6 |  7- 9 | 10-12 | 13-15 | 16-18 | 19-21 || total
-------------------------+-------+-------+-------+-------+-------+-------+-------++-------
Melee: Hand axe          |   127 |    92 |       |       |       |       |       ||   219
       War axe           |       |   103 |   444 |       |  1174 |  1365 |   526 ||  3612
       Battleaxe         |       |       |    69 |       |    73 |       |       ||   142
       Executioner's axe |       |       |    12 |   691 |       |       |       ||   703
Invok: Berserk           |       |     1 |     2 |    10 |    11 |     3 |     1 ||    28
       Brothers in Arms  |       |       |       |     3 |     6 |       |       ||     9
       Trog's Hand       |       |       |       |       |       |     1 |       ||     1
 Abil: Fly               |       |       |       |       |     1 |       |       ||     1
  Use: Scroll            |       |       |     4 |    16 |    27 |     7 |     3 ||    57
       Potion            |       |       |     1 |     1 |     5 |     2 |     1 ||    10
 Stab: Distracted        |       |       |       |       |       |     2 |       ||     2
  Eat: Chunk             |       |     9 |    14 |    32 |    98 |    56 |    10 ||   219
       Ration            |       |       |       |    10 |     2 |     1 |       ||    13
Armor: Animal skin       |     4 |       |       |       |       |       |       ||     4
       Chain mail        |    77 |   117 |   404 |   164 |       |       |       ||   762
       Plate armour      |       |       |       |   610 |  1446 |  1044 |   251 ||  3351
       Skin              |       |       |       |     1 |       |       |       ||     1
Dodge: Dodged            |    67 |    66 |   313 |   627 |  1081 |  1419 |   468 ||  4041
